 Dungeon Crawl Stone Soup version 0.28.0-43-g3370ac3207 (webtiles) character file.

Game seed: 10775544282207305548

246 choreboyy the Covered (level 6, 0/69 HPs)
             Began as a Human Wanderer on Mar 11, 2022.
             Was a Follower of Uskayaw.
             Slain by an orc
             ... wielding a +0 club
              (2 damage)
             ... on level 4 of the Dungeon.
             The game lasted 00:13:33 (4208 turns).

choreboyy the Covered (Human Wanderer)              Turns: 4208, Time: 00:13:33

Health: 0/69       AC: 23    Str: 17    XL:     6   Next: 33%
Magic:  11/11      EV:  2    Int: 13    God:    Uskayaw [*.....]
Gold:   62         SH:  0    Dex:  9    Spells: 11/12 levels left

rFire   . . .      SeeInvis .   n - +0 flail
rCold   . . .      Faith    .   (no shield)
rNeg    . . .      Spirit   .   (armour currently unavailable)
rPois   +          Reflect  .   (helmet currently unavailable)
rElec   .          Harm     .   (cloak currently unavailable)
rCorr   .          Rampage  .   (gloves currently unavailable)
Will    .....      NoTele   +   (boots currently unavailable)
Stlth   +.........              (no amulet)
HPRegen 0.21/turn               (no ring)
MPRegen 0.12/turn               (no ring)

@: tree-form
A: stationary, stasis, torment immunity, boosted hp
a: Renounce Religion, Stomp


You were on level 4 of the Dungeon.
You worshipped Uskayaw.
Uskayaw was noncommittal.
You were a tree.
You visited 1 branch of the dungeon, and saw 4 of its levels.

You collected 62 gold pieces.

Inventory:

Hand Weapons
 n - a +0 flail (weapon)
Armour
 c - a +0 chain mail (melded)
Magical Staves
 i - a staff of death
 m - a staff of cold
Jewellery
 p - a +4 ring of evasion
Scrolls
 d - a scroll of acquirement {unknown}
 e - 2 scrolls of enchant weapon {unknown}
 f - a scroll of identify {unknown}
 g - a scroll of fear {unknown}
 h - 2 scrolls of teleportation {unknown}
 k - a scroll of immolation {unknown}
Potions
 b - a potion of attraction
 l - a potion of might {unknown}
 o - a potion of invisibility {unknown}


   Skills:
 + Level 2.9 Fighting
 + Level 2.3 Maces & Flails
 + Level 6.4 Armour
 - Level 0.6 Dodging
 - Level 0.4 Stealth
 + Level 3.5 Spellcasting


You had 11 spell levels left.
You knew the following spells:

 Your Spells              Type           Power      Damage    Failure   Level
a - Shock                 Conj/Air       8%         1d3       22%         1

Your spell library contained the following spells:

 Spells                   Type           Power      Damage    Failure   Level
 Mephitic Cloud           Conj/Pois/Air  2%         N/A       54%         3


Dungeon Overview and Level Annotations

Branches:
Dungeon (4/15)
 Temple: D:4-7

Altars:
Uskayaw

Shops:
D:4 (

Annotations:
D:3 3 runed translucent doors, Gingerlord's ghost, amateur DsFi


Message History

You cannot move.
You cannot move.
You hit the endoplasm but do no damage. Something hits you but does no damage.
The endoplasm hits you but does no damage.
The orc hits you but does no damage.
You cannot move.
You cannot move.
You cannot move.
You hit the endoplasm.
The endoplasm is moderately wounded.
Something hits you but does no damage.
The endoplasm hits you but does no damage.
The orc hits you but does no damage. Something hits you but does no damage.
The endoplasm freezes you.
You are frozen.
* * * LOW HITPOINT WARNING * * *
The orc hits you but does no damage.
You hit the endoplasm.
You kill the endoplasm!
Something hits you but does no damage. The orc hits you but does no damage.
You cannot move.
You cannot move.
You cannot move.
You cannot move.
You cannot move.
You cannot move.
You cannot move.
You cannot move.
You closely miss the orc. Something hits you but does no damage.
The orc hits you but does no damage.
You closely miss the orc. Something hits you but does no damage.
The orc hits you with a +0 club.
* * * LOW HITPOINT WARNING * * *
Something hits you.
* * * LOW HITPOINT WARNING * * *
You hit the orc but do no damage. Your punch misses the orc.
The orc hits you but does no damage. Something hits you.
* * * LOW HITPOINT WARNING * * *
The orc hits you with a +0 club.
You die...

<..# #### ..## ##..#
###. ### ###...## ....
#####......## ....
............#######..#
.PP.).......#........#
.P∩P................#
..PP........(.(){)..#
...........####o♣####
##....###### ####
######


You could see an orc.

Vanquished Creatures
  A scorpion (D:3)
  Jessica (D:3)
  Terence (D:3)
  3 adders
  5 gnolls
  2 worms
  4 dart slugs
  2 orcs (D:4)
  3 endoplasms
  4 goblins
  3 hobgoblins
  A quokka (D:1)
  4 ball pythons
  6 bats
  5 frilled lizards
  4 kobolds
  4 rats
53 creatures vanquished.

Notes
Turn   | Place    | Note
-------+----------+-------------------------------------------
     0 | D:1      | choreboyy the Human Wanderer began the quest for the Orb.
     0 | D:1      | choreboyy set off with the following items: a +0 club, a
                  | potion of attraction, a +0 chain mail; and the following
                  | spell memorised: Shock; and the following spells available
                  | to memorise: Mephitic Cloud
     0 | D:1      | Reached XP level 1. HP: 16/16 MP: 4/4
     8 | D:1      | Noticed an imperial myrmidon
     8 | D:1      | Noticed a tyrant leech
     8 | D:1      | Noticed an iguana
     9 | D:1      | Noticed a centaur warrior
   112 | D:1      | Reached XP level 2. HP: 9/22 MP: 6/6
   466 | D:1      | HP: 1/22 [gnoll/+0 whip (3)]
   475 | D:1      | Reached XP level 3. HP: 2/27 MP: 7/7
  1353 | D:2      | Reached skill level 1 in Maces & Flails
  1793 | D:2      | Reached XP level 4. HP: 31/34 MP: 8/8
  1918 | D:2      | HP: 1/34 [worm (6)]
  2748 | D:3      | Noticed Jessica
  2749 | D:3      | Killed Jessica
  2750 | D:3      | Reached skill level 6 in Armour
  2916 | D:3      | Reached XP level 5. HP: 39/39 MP: 9/9
  3065 | D:3      | Reached XP level 6. HP: 3/46 MP: 9/11
  3459 | D:3      | Noticed Terence
  3460 | D:3      | Found a hide-covered altar of Uskayaw.
  3465 | D:3      | Killed Terence
  3471 | D:3      | Became a worshipper of Uskayaw the Reveller
  3640 | D:3      | Reached * piety under Uskayaw
  3688 | D:3      | Found a runed translucent gate.
  3688 | D:3      | Found a runed translucent gate.
  3688 | D:3      | Found a runed translucent gate.
  4133 | D:3      | Noticed Gingerlord's ghost (amateur DsFi)
  4153 | D:4      | Found Izxaitet's Antique Weapon Emporium.
  4199 | D:4      | Reached ** piety under Uskayaw
  4208 | D:4      | HP: 2/69 [something (2)]
  4208 | D:4      | Slain by an orc

Illustrated notes

Levels and vault maps discovered:
D:1:      onia_arrival_zoo_common, layout_basic
D:2:      layout_loops_ring, minmay_misc_feat_four_crosses
D:3:      layout_basic, overflow_temple_1_default, gammafunk_ghost_necromancy,
          uniq_jessica, uniq_terence
D:4:      layout_cave_pods, lemuel_round_altar, overflow_temple_1_default,
          mainiacjoe_overflow_alcove_4, ebering_ghost_reflecting_pool,
          serial_shops, nicolae_shop_overgrown_old_shop, lightli_corner_chamber

Skill      XL: |  1  2  3  4  5 |
---------------+----------------+-----
Maces & Flails | 1 2 |  2.3
Armour         | 6 |  6.4
Fighting       | |  2.9
Dodging        | |  0.6
Stealth        | |  0.4
Spellcasting   | |  3.5

Action                   |  1- 3 |  4- 6 || total
-------------------------+-------+-------++-------
Melee: Club              |   156 |    55 ||   211
       Punch             |     4 |     2 ||     6
       Flail             |       |    77 ||    77
Evoke: Wand              |       |     9 ||     9
  Use: Potion            |       |     2 ||     2
Armor: Chain mail        |   138 |    90 ||   228
       Skin              |       |    16 ||    16
Dodge: Dodged            |    85 |    44 ||   129
